 Dungeon Crawl Stone Soup version 0.19.0-22-gd96e5fe (webtiles) character file.

67 smedtjen the Firebug (level 3, -2/27 HPs)
             Began as a Demigod Fire Elementalist on Nov 18, 2016.
             Slain by an adder (4 damage)
             ... on level 2 of the Dungeon.
             The game lasted 00:11:45 (2931 turns).

smedtjen the Firebug (Demigod Fire Elementalist)    Turns: 2931, Time: 00:11:46

Health: -2/27      AC:  3    Str: 11    XL:     3   Next: 70%
Magic:  3/9        EV: 13    Int: 21    God:
Gold:   64         SH:  0    Dex: 16    Spells: 2 memorised, 3 levels left

rFire  . . .     SeeInvis .     l - +2 dagger (venom)
rCold  . . .     Gourm    .     a - +0 robe
rNeg   . . .     Faith    .     (no shield)
rPois  .         Spirit   .     (no helmet)
rElec  .         Reflect  .     (no cloak)
rCorr  .         Harm     .     (no gloves)
MR     .....                    n - +0 pair of boots
Stlth  ++........               (no amulet)
                                (no ring)
                                (no ring)

@: lethally poisoned (-2 -> -13)
A: high mp 1
a: no special abilities


You were on level 2 of the Dungeon.
You were hungry.

You visited 1 branch of the dungeon, and saw 2 of its levels.

You collected 64 gold pieces.

Inventory:

Hand Weapons
 e - a +0 hand axe
 g - a +0 short sword
 l - a +2 dagger of venom (weapon)
Missiles
 f - 16 sling bullets
 k - 48 stones (quivered)
Armour
 a - a +0 robe (worn)
 n - a +0 pair of boots (worn)
Jewellery
 h - a cursed ring of teleportation {unknown}
Scrolls
 d - a scroll of identify
Potions
 i - a potion of agility {unknown}
 j - a potion of curing {unknown}
Books
 b - a book of Flames

   Spells                             Type                      Level
   a - Flame Tongue                   Conjuration/Fire             1
   b - Throw Flame                    Conjuration/Fire             2
   c - Conjure Flame                  Conjuration/Fire             3
   d - Inner Flame                    Hexes/Fire                   3
   e - Sticky Flame                   Conjuration/Fire             4
   f - Fireball                       Conjuration/Fire             5
Comestibles
 c - a bread ration


   Skills:
 + Level 0.3 Fighting
 + Level 2.4 Dodging
 + Level 1.9 Stealth
 + Level 2.4 Spellcasting
 + Level 1.3 Conjurations
 + Level 3.1 Fire Magic


You had 3 spell levels left.
You knew the following spells:

 Your Spells              Type           Power        Failure   Level  Hunger
a - Flame Tongue          Conj/Fire      ##...        8%          1    None
b - Throw Flame           Conj/Fire      ##....       12%         2    ##.....


Dungeon Overview and Level Annotations

Branches:
Dungeon (2/15)

Annotations:
D:2 Terence


Innate Abilities, Weirdness & Mutations

You have an increased reservoir of magic. (+10% MP)


Message History

The flame tongue hits the bat.
You kill the bat!
You feel sick. The adder bites you.
* * * LOW HITPOINT WARNING * * *
As you read the scroll labeled POSAIR YCVA, it crumbles to dust.
It is a scroll of identify.
m - a scroll of enchant weapon The adder barely misses you.
Terence barely misses you. The adder barely misses you.
As you read the scroll of enchant weapon, it crumbles to dust.
Your +1 dagger of venom glows red for a moment.
You feel sick. The adder bites you.
* * * LOW HITPOINT WARNING * * *
You are more poisoned.
The adder poisons you!
You barely miss Terence.
Terence is lightly wounded.
* * * LOW HITPOINT WARNING * * *
You feel sick. Terence hits you but does no damage. The adder bites you.
You die...

##.......##≈.####.≈#
.#
####....?#≈.####.≈#
.. #.....#≈..##..≈#
. #.....#≈≈....≈≈# .
###..#..##≈≈≈≈≈≈##
.........########
..#..##.......!.
b.....###@S.##...
.........@....#
.....###...#.... ...
#.>...... .........
......... ........#.
........# #......(..


You could see Terence and an adder.

Vanquished Creatures
  3 dart slugs (D:1)
  A leopard gecko (D:1)
  7 bats
  2 giant cockroaches (D:1)
  9 goblins
  11 hobgoblins
  4 jackals (D:1)
  A quokka (D:2)
  A frilled lizard (D:1)
  7 kobolds
  3 rats
49 creatures vanquished.

Notes
Turn   | Place    | Note
-------+----------+-------------------------------------------
     0 | D:1      | smedtjen the Demigod Fire Elementalist began the quest for the Orb.
     0 | D:1      | Reached XP level 1. HP: 14/14 MP: 5/5
   574 | D:1      | Reached skill level 3 in Fire Magic
   659 | D:1      | Reached skill level 1 in Conjurations
   671 | D:1      | Reached XP level 2. HP: 20/20 MP: 2/7
   675 | D:1      | Learned a level 2 spell: Throw Flame
  1639 | D:1      | Reached XP level 3. HP: 12/26 MP: 1/9
  2881 | D:2      | Noticed Terence
  2931 | D:2      | Slain by an adder

Skill      XL: |  1  2 |
---------------+-------+-----
Fire Magic     | 3 |  3.1
Conjurations   | 1 |  1.3
Spellcasting   | 2 |  2.4
Dodging        | 2 |  2.4
Fighting       | |  0.3
Stealth        | |  1.9

Action                   || total
-------------------------++-------
Melee: Unarmed           ||     7
       Hand axe          ||    18
       Dagger            ||     1
 Cast: Flame Tongue      ||    55
       Throw Flame       ||    30
  Use: Scroll            ||     2
  Eat: Bread ration      ||     1
       Chunk             ||     1
       Fruit             ||     1
       Pizza             ||     1
Armor: Robe              ||    20
Dodge: Dodged            ||    93
